 Dungeon Crawl Stone Soup version 0.13.0-29-gdb529de (webtiles) character file.

9022 Impy the Spear-Bearer (level 11, -1/83 HPs)
             Began as a Demonspawn Gladiator on Nov 5, 2013.
             Was a Priest of Ashenzari.
             Slain by a minotaur
             ... wielding a cursed +3 rod of destruction (6/12)
              (2 damage)
             ... in a labyrinth.
             The game lasted 00:46:12 (10544 turns).

Impy the Spear-Bearer (Demonspawn Gladiator)       Turns: 10544, Time: 00:46:13

HP  -1/83        AC 12     Str 20      XL: 11   Next:  8%
MP  13/13        EV 19     Int 14      God: Ashenzari [***...]
Gold 718         SH 12     Dex 13      Spells:  1 memorised, 10 levels left

Res.Fire  : . . .   See Invis. : +   B - +3,+5 demon trident (venom) (curse)
Res.Cold  : + + .   Warding    : .   n - +2 leather armour {rC+} (curse)
Life Prot.: . . .   Conserve   : .   i - +1 buckler (curse)
Res.Poison: +       Res.Corr.  : .   c - +0 helmet (curse)
Res.Elec. : .       Clarity    : +   (no cloak)
Sust.Abil.: . .     Spirit.Shd : .   d - +2 pair of elf gloves
Res.Mut.  : .       Stasis     : .   (no boots)
Res.Rott. : .       Flight     : .   (no amulet)
Saprovore : . . .                    S - ring of poison resistance
                                     N - +3 ring of protection

@: mighty, very slightly contaminated, hasted, very quick, somewhat resistant to
hostile enchantments, very unstealthy
A: claws 2, cold resistance 1, conserve potions, demonic guardian 1, EV +3
a: Renounce Religion


You were in a labyrinth.
You worshipped Ashenzari.
Ashenzari was most pleased with you.
You were not hungry.

You visited 3 branches of the dungeon, and saw 13 of its levels.
You also visited: Labyrinth.

You collected 698 gold pieces.

Inventory:

Hand weapons
 j - a +1,+6 spear
 p - a +0,+3 orcish vampiric halberd
 y - a +2,+2 elven short sword of draining
 z - a +4,+3 spear of dragon slaying
 B - a cursed +3,+5 demon trident of venom (weapon)
 F - the +7,+5 sling of the Shallot {frost, MR++ Dex+4 Int+2}
   (You found it on level 8 of the Dungeon)

   It turns projectiles fired from it into bolts of frost.
   It affects your intelligence (+2).
   It affects your dexterity (+4).
   It affects your resistance to hostile enchantments.
Missiles
 a - 6 javelins
 s - 7 throwing nets
 x - 2 javelins of returning (quivered)
 C - 2 throwing nets [frayed]
Armour
 b - a +0 leather armour
 c - a cursed +0 helmet (worn)
 d - a +2 pair of elven gloves (worn)
 i - a cursed +1 buckler (worn)
 n - a cursed +2 leather armour of cold resistance (worn)
Magical devices
 r - a wand of random effects (9)
 u - a wand of digging (3)
 A - a wand of disintegration (7)
 G - a wand of digging (11)
 L - a wand of fire (12)
 P - a wand of invisibility (3)
Comestibles
 f - 4 bread rations
 h - 2 meat rations
 K - 5 beef jerkies
Scrolls
 g - 3 scrolls of teleportation
 k - 2 scrolls of blinking
 o - 3 scrolls of magic mapping
 q - a scroll of curse weapon
 v - a scroll of immolation
 w - 4 scrolls of fear
 M - a scroll of enchant armour
 O - 2 scrolls of curse armour
 Q - a scroll of remove curse
Jewellery
 N - a +3 ring of protection (left hand)
 S - a ring of poison resistance (right hand)
Potions
 e - 9 potions of curing
 m - a potion of might
 I - a potion of agility
Books
 l - a book of Fire

   Spells                             Type                      Level
   Fire Brand                         Charms/Fire                  2
   Ignite Poison                      Fire/Transmutation           5
   Fireball                           Conjuration/Fire             5
   Bolt of Fire                       Conjuration/Fire             6
   Delayed Fireball                   Conjuration/Fire             7
   Ring of Flames                     Charms/Fire                  7
 t - a book of Burglary

   Spells                             Type                      Level
   Apportation                        Translocation                1
   *Swiftness                         Charms/Air                   2
   Passwall                           Transmutation/Earth          3
   Passage of Golubria                Translocation                4
   Lee's Rapid Deconstruction         Earth                        5
   Darkness                           Hexes                        7
 H - a book of Transfigurations

   Spells                             Type                      Level
   Stoneskin                          Transmutation/Earth          2
   Polymorph                          Hexes/Transmutation          4
   Ice Form                           Ice/Transmutation            4
   Statue Form                        Transmutation/Earth          6
   Dragon Form                        Transmutation                7


   Skills:
 + Level 8.4 Fighting
 + Level 9.5(12.3) Polearms
 - Level 1.7 Throwing
 + Level 9.5 Dodging
 - Level 5.0(6.8) Shields
 - Level 0.1 Unarmed Combat
 - Level 1.0 Spellcasting


You had 10 spell levels left.
You knew the following spells:

 Your Spells              Type           Power        Failure   Level  Hunger
a - Swiftness             Chrm/Air       #.........   43%         2    ###....


Dungeon Overview and Level Annotations

Branches:
Dungeon (9/27)             Temple (1/1) D:4             Orc (0/4) D:6
   Lair (3/8) D:9
  Swamp: Lair:3-6    Shoals: Lair:3-6     Snake: Lair:3-6    Spider: Lair:3-6

Altars:
Ashenzari
Cheibriados
Elyvilon
Fedhas
Kikubaaqudgha
Makhleb
Nemelex Xobeh
Okawaru
Sif Muna
Trog
Vehumet
Xom
Yredelemnul
Zin
the Shining One


Innate Abilities, Weirdness & Mutations

You have very sharp fingernails.
You are surrounded by a moderate repulsion field (EV +3).
Your flesh is cold resistant.
You are very good at protecting items from cold.
A weak demonic guardian rushes to your aid.


Message History

Your ufetubus hits the minotaur but does no damage.
Drink which item? (? for menu, Esc to quit)
You feel yourself speed up.
Your ufetubus barely misses the minotaur.
The minotaur furiously retaliates!
The minotaur headbutts your ufetubus!
Your ufetubus dies!
The minotaur hits you with a rod of destruction!
* * * LOW HITPOINT WARNING * * *
The minotaur gores you!
* * * LOW HITPOINT WARNING * * *
You are very lightly contaminated with residual magic.
Read which item? (? for menu, Esc to quit)
As you read the scroll of blinking, it crumbles to dust.
A powerful magic interferes with your control of the blink.
You blink.
Found a +2,+1 demon trident of pain.
Found an escape hatch in the ceiling.
You impale the minotaur!!
The minotaur is poisoned.
The minotaur is moderately wounded.
The minotaur hits you with a rod of destruction.
You die...

* * * * * , , #
* * * , . # ,
,, * , ** # *#
** *, ,. ., #.,
,, # . . . ..
,, ,, * .
############# *
, .
.....<..@..# *
,, ,* .
#######H####, ,
,**# .
.#.....ยง...# *
..#.#####.#####
*, # #. . ...#.
...# , , . ###
#.#...# ,,, .#.
*.., #.### * ..
#. . .#.#.# , ,
# #.* .#,#
#.#.# *


You could see a minotaur.

Vanquished Creatures
  The ghost of teukkam the Stinger, an experienced DrVM of Sif Muna (D:9)
  A griffon (Lair:1)
  An elephant (D:9)
  A spiny frog (Lair:1)
  A two-headed ogre (D:9)
  A basilisk (Lair:1)
  3 yaks (Lair:1)
  Eustachio (D:5)
  3 hippogriffs
  A wyvern (D:9)
  7 orc warriors
  6 porcupines
  3 sky beasts
  An ice beast (D:5)
  A phantom (D:5)
  An ogre (D:7)
  4 crocodiles
  5 giant frogs
  Duvessa (D:7)
  A giant slug (Lair:1)
  3 gnoll sergeants (D:7)
  2 centaurs
  2 water moccasins
  An agate snail (D:9)
  A cyclops zombie (D:9)
  Dowan (D:7)
  4 crimson imps
  7 hounds
  A jelly (D:9)
  5 orc priests
  A giant frog zombie (D:7)
  3 scorpions
  2 gnoll shamans (D:7)
  4 iguanas
  6 orc wizards
  A sheep (D:9)
  3 worker ants
  Ijyb (D:2)
  An ogre skeleton (D:7)
  15 gnolls
  11 adders
  A giant centipede (Lair:2)
  A giant mite (D:3)
  5 worms
  An adder skeleton (D:4)
  2 grey rats (D:5)
  2 giant eyeballs
  8 giant geckos
  20 orcs
  4 giant cockroaches
  12 goblins
  18 hobgoblins
  13 jackals
  11 kobolds
  9 quokkas
  16 bats
  2 giant gecko skeletons
  6 giant newts
  2 giant spores
  A hobgoblin skeleton (D:8)
  An orc skeleton (D:7)
  An orc zombie (D:7)
  13 rats
  A rat skeleton (D:5)
  A rat zombie (D:7)
  4 ballistomycetes
274 creatures vanquished.

Vanquished Creatures (collateral kills)
  A black mamba (Lair:2)
  A sky beast (D:8)
  An ogre (D:4)
  A phantom (D:7)
  A giant frog (D:6)
  A crimson imp (D:5)
  A gnoll shaman (D:7)
  A hound (D:7)
  A gnoll (D:7)
  3 bats
  3 jackals
15 creatures vanquished.

Vanquished Creatures (others)
  The ghost of nOtime the Markscentaur, an experienced CeHu of Trog (D:8)
  5 crimson imps
  7 iron imps
  10 lemures
  11 white imps
  16 ufetubi
  2 orcs (D:6)
52 creatures vanquished.

Grand Total: 341 creatures vanquished

Notes
Turn   | Place    | Note
--------------------------------------------------------------
     0 | D:1      | Impy, the Demonspawn Gladiator, began the quest for the Orb.
     0 | D:1      | Reached XP level 1. HP: 17/17 MP: 0/0
    83 | D:1      | Gained mutation: Your flesh is cold resistant. [demonic ancestry]
    83 | D:1      | Reached XP level 2. HP: 18/23 MP: 1/1
   199 | D:1      | Reached skill level 3 in Polearms
   241 | D:1      | Gained mutation: You have sharp fingernails. [demonic ancestry]
   241 | D:1      | Reached XP level 3. HP: 10/28 MP: 2/2
   960 | D:2      | Noticed Ijyb
   972 | D:2      | Killed Ijyb
  1038 | D:2      | Found a sparkling altar of Nemelex Xobeh.
  1039 | D:2      | Found a blossoming altar of Fedhas.
  1072 | D:2      | Gained mutation: A weak demonic guardian rushes to your aid. [demonic ancestry]
  1072 | D:2      | Reached XP level 4. HP: 35/35 MP: 3/3
  1081 | D:2      | Reached skill level 1 in Shields
  1714 | D:3      | Found an ancient bone altar of Kikubaaqudgha.
  1718 | D:3      | Found a bloodstained altar of Trog.
  1728 | D:3      | Found a snail-covered altar of Cheibriados.
  1765 | D:3      | Found a white marble altar of Elyvilon.
  2316 | D:3      | Found a burning altar of Makhleb.
  2338 | D:3      | Reached XP level 5. HP: 33/40 MP: 4/4
  2794 | D:4      | Reached skill level 4 in Polearms
  2927 | D:4      | Noticed an ogre
  2932 | D:4      | Killed an ogre
  2962 | D:4      | Reached XP level 6. HP: 46/46 MP: 5/5
  3128 | D:4      | Found a staircase to the Ecumenical Temple.
  3141 | Temple   | Entered the Ecumenical Temple
  3164 | Temple   | Became a worshipper of Ashenzari the Shackled
  3387 | D:4      | Paralysed by a potion of paralysis for 7 turns
  3415 | D:5      | Entered Level 5 of the Dungeon
  3536 | D:5      | Noticed Eustachio
  3715 | D:5      | Killed Eustachio
  3778 | D:5      | Gained mutation: You have very sharp fingernails. [demonic ancestry]
  3778 | D:5      | Reached XP level 7. HP: 49/52 MP: 6/6
  3835 | D:5      | Reached skill level 5 in Polearms
  3884 | D:5      | Reached skill level 5 in Dodging
  4404 | D:6      | Found a glowing silver altar of Zin.
  4585 | D:6      | Gained mutation: You are surrounded by a mild repulsion field (EV +2). [demonic ancestry]
  4585 | D:6      | Reached XP level 8. HP: 58/58 MP: 7/7
  4623 | D:6      | Reached skill level 6 in Polearms
  4813 | D:6      | Reached skill level 5 in Shields
  5040 | D:6      | Found a staircase to the Orcish Mines.
  5425 | D:7      | Reached skill level 1 in Spellcasting
  5444 | D:7      | Learned a level 2 spell: Swiftness
  5638 | D:7      | Gained mutation: You are surrounded by a moderate repulsion field (EV +3). [demonic ancestry]
  5638 | D:7      | Reached XP level 9. HP: 42/65 MP: 10/10
  5931 | D:7      | Reached skill level 7 in Polearms
  6192 | D:7      | Noticed Duvessa
  6216 | D:7      | Noticed Dowan
  6217 | D:7      | Killed Duvessa
  6228 | D:7      | Killed Dowan
  6279 | D:7      | Reached skill level 5 in Fighting
  6619 | D:8      | Noticed nOtime's ghost (experienced CeHu)
  6626 | D:8      | Killed nOtime's ghost
  6649 | D:8      | Identified the -7 chain mail of Tenacity {+Inv rC++ Int+3}
  6703 | D:8      | Identified a scroll of acquirement
  6757 | D:8      | Got the sling of the Shallot {frost, MR++ Dex+4 Int+2}
  6935 | D:8      | Acquired Ashenzari's first power
  6935 | D:8      | Identified the +7,+5 sling of the Shallot {frost, MR++ Dex+4 Int+2} (You found it on level 8 of the Dungeon)
  7288 | D:9      | Noticed teukkam's ghost (experienced DrVM)
  7565 | D:9      | Identified the cursed -2,+1 quarterstaff "Pendulum" {vamp, rC+ Int+2}
  7572 | D:9      | Found a staircase to the Lair.
  7572 | D:9      | Noticed an elephant
  7599 | D:9      | Killed an elephant
  7599 | D:9      | Reached skill level 8 in Polearms
  7602 | D:9      | Reached XP level 10. HP: 68/74 MP: 11/11
  7643 | D:9      | Killed teukkam's ghost
  7657 | D:9      | Paralysed by a giant eyeball for 2 turns
  8917 | Lair:1   | Entered Level 1 of the Lair of Beasts
  9011 | Lair:1   | Noticed a griffon
  9022 | Lair:1   | Killed a griffon
  9022 | Lair:1   | Reached skill level 9 in Dodging
  9661 | Lair:2   | Acquired Ashenzari's second power
  9787 | Lair:2   | Found an iron altar of Okawaru.
  9815 | Lair:2   | Noticed a black mamba
  9821 | Lair:2   | Killed a black mamba
  9821 | Lair:2   | Gained mutation: You are very good at protecting items from cold. [demonic ancestry]
  9821 | Lair:2   | Reached XP level 11. HP: 72/83 MP: 13/13
 10287 | Lair:3   | Found a labyrinth entrance.
 10296 | Lab      | Entered a labyrinth
 10538 | Lab      | Noticed a minotaur
 10542 | Lab      | HP: 1/83 [minotaur/rod of destruction (10)]
 10544 | Lab      | Identified a cursed +3 rod of destruction (6/12)
 10544 | Lab      | Slain by a minotaur

Action                   |  1- 3 |  4- 6 |  7- 9 | 10-12 || total
-------------------------+-------+-------+-------+-------++-------
Melee: Trident           |    62 |       |       |       ||    62
       Spear             |    43 |   204 |   505 |       ||   752
       Unarmed           |     9 |       |       |       ||     9
       Demon trident     |       |       |    72 |   262 ||   334
Throw: Throwing net      |       |     5 |     2 |       ||     7
       Javelin           |       |       |    38 |     2 ||    40
Evoke: Wand              |       |       |     1 |     2 ||     3
  Use: Scroll            |     4 |    11 |     7 |     7 ||    29
       Potion            |     1 |     9 |     7 |     5 ||    22
 Stab: Held in net/web   |       |     1 |       |       ||     1
       Distracted        |       |     1 |     1 |     2 ||     4
